 Dungeon Crawl Stone Soup version 0.29.0-13-gc9e81de378 (webtiles) character file.

Game seed: 16203286549324827477

19723 Bartlander the Geomancer (level 12, 0/75 HPs)
             Began as a Gargoyle Earth Elementalist on Sept 6, 2022.
             Was a Priest of Vehumet.
             Slain by Urug
             ... wielding a +4 eveningstar of holy wrath
              (30 damage)
             ... on level 1 of the Lair of Beasts on Sept 7, 2022.
             The game lasted 01:11:14 (18653 turns).

Bartlander the Geomancer (GrEE)                    Turns: 18653, Time: 01:11:14

Health: 0/75       AC: 21    Str: 13    XL:     12   Next: 72%
Magic:  8/20       EV: 12    Int: 20    God:    Vehumet [***...]
Gold:   720        SH:  3    Dex: 10    Spells: 5/22 levels left

rFire   + . .      SeeInvis .   r - +2 dagger (venom)
rCold   + . .      Faith    .   v - +0 buckler
rNeg    + . .      Spirit   .   B - +0 steam dragon scales
rPois   ∞          Reflect  .   D - +2 helmet
rElec   +          Harm     .   x - scarf {rC+ rF+}
rCorr   .          Rampage  .   (no gloves)
Will    .....                   (no boots)
Stlth   +++.......              h - amulet of regeneration
HPRegen 1.02/turn               g - +4 ring of protection
MPRegen 0.17/turn               (no ring)

@: studying Ranged Weapons
A: sickness immunity, AC +8, negative energy resistance 1, electricity
resistance, torment resistance 1, petrification resistance
a: Renounce Religion


You were on level 1 of the Lair of Beasts.
You worshipped Vehumet.
Vehumet was most pleased with you.
You visited 3 branches of the dungeon, and saw 14 of its levels.
You also visited: Sewer.

You collected 740 gold pieces.
You spent 20 gold pieces at shops.

Inventory:

Hand Weapons
 r - a +2 dagger of venom (weapon)
 J - a +0 whip of electrocution
Missiles
 l - 17 poisoned darts (quivered)
 C - 2 throwing nets
Armour
 a - a +1 robe
 v - a +0 buckler (worn)
 x - a scarf of resistance (worn)
 y - a +0 leather armour of willpower
 B - +0 steam dragon scales (worn)
 D - a +2 helmet (worn)
Magical Staves
 t - a staff of fire
Jewellery
 g - a +4 ring of protection (left hand)
 h - an amulet of regeneration (around neck)
 u - an amulet of reflection
Wands
 e - a wand of flame (18)
 F - a wand of iceblast (2)
Scrolls
 d - 3 scrolls of immolation
 i - a scroll of enchant armour
 q - 3 scrolls of amnesia
 s - a scroll of fog
 z - 3 scrolls of teleportation
 A - 3 scrolls of fear
 I - a scroll of magic mapping
Potions
 b - 2 potions of magic
 c - 2 potions of haste
 f - 3 potions of invisibility
 j - 9 potions of curing
 k - 6 potions of lignification
 m - 2 potions of berserk rage
 n - 2 potions of heal wounds
 o - 3 potions of brilliance
 p - a potion of might
 w - 5 potions of flight
 E - 2 potions of mutation
 G - a potion of attraction {unknown}


   Skills:
 + Level 8.8 Fighting
 + Level 4.3 Armour
 + Level 3.7 Dodging
 - Level 8.0 Stealth
 - Level 5.9 Spellcasting
 + Level 10.3 Conjurations
 + Level 3.5 Translocations
 - Level 2.1 Transmutations
 + Level 2.4 Air Magic
 + Level 14.0 Earth Magic


You had 5 spell levels left.
You knew the following spells:

 Your Spells              Type           Power      Damage    Failure   Level
a - Sandblast             Erth           100%       2d20      1%          1
b - Passwall              Tmut/Erth      31%        N/A       1%          2
c - Stone Arrow           Conj/Erth      100%       3d13      1%          3
d - Petrify               Tmut/Erth      38%        N/A       4%          4
e - Blink                 Tloc           40%        N/A       4%          2
f - Lightning Bolt        Conj/Air       15%        1d29      8%          5

Your spell library contained the following spells:

 Spells                   Type           Power      Damage    Failure   Level
 Dazzling Flash           Conj/Hex       52%        N/A       1%          3
 Static Discharge         Conj/Air       31%        3-7/arc   1%          2
 Animate Armour           Summ/Erth      68%        N/A       8%          4
 Summon Small Mammal      Summ           20%        N/A       14%         1
 Passage of Golubria      Tloc           20%        N/A       32%         4
 Call Canine Familiar     Summ           5%         N/A       41%         3
 Summon Guardian Golem    Hex/Summ       5%         N/A       41%         3
 Tukima's Dance           Hex            5%         N/A       41%         3
 Yara's Violent Unravell  Hex/Tmut       5%         3d4       52%         5
 Manifold Assault         Tloc           20%        N/A       67%         5
 Blade Hands              Tmut           7%         N/A       86%         5
 Iron Shot                Conj/Erth      26%        9d6       4%          6
 Lehudib's Crystal Spear  Conj/Erth      26%        10d7      80%         8
 Storm Form               Tmut/Air       7%         N/A       100%        7
 Maxwell's Capacitive Co  Air            7%         ∞         100%        8


Dungeon Overview and Level Annotations

Branches:
Dungeon (12/15)            Temple (1/1) D:6            Lair (1/5) D:10
    Orc (0/2) D:9           Sewer (visited)

Altars:
Ashenzari
Cheibriados
Dithmenos
Elyvilon
Fedhas
Gozag
Hepliaklqana
Kikubaaqudgha
Makhleb
Nemelex Xobeh
Okawaru
Qazlal
Ru
Sif Muna
Trog
Uskayaw
Vehumet
Wu Jian
Xom
Yredelemnul
Zin
The Shining One

Shops:
D:1 :?:!:   D:11 (

Annotations:
D:3 2 transporters, alby's ghost, amateur FoFi
Lair:1 Urug


Innate Abilities, Weirdness & Mutations

You are immune to sickness and miasma.
Your stone body is resilient. (AC +8)
You are immune to poison.
You resist negative energy. (rN+)
You are resistant to electric shocks. (rElec)
You are resistant to unholy torment.
You are immune to petrification.


Message History

You feel your power returning.
Urug grins evilly.
You climb upwards.
Welcome back to the Dungeon!
There is a staircase to the Lair here.
You start resting.
Magic restored.
You climb downwards.
Welcome back to the Lair of Beasts!
Level annotation: Urug Urug hits you with a +4 eveningstar of holy wrath!
There is a staircase back to the Dungeon here.
Casting: Stone Arrow (safe; 1% risk of failure)
Confirm with . or Enter, or press ? or * to list all spells.
Aiming: Stone Arrow (safe; 1% risk of failure)
Press: ? - help, Shift-Dir - straight line, f - Urug
Aim: Urug, wielding a +4 eveningstar of holy wrath, wearing a +0 ring mail and quivering javelins (72% to hit)
The stone arrow hits Urug!
Urug is moderately wounded.
Urug hits you with a +4 eveningstar of holy wrath!
Casting: Stone Arrow (safe; 1% risk of failure)
Confirm with . or Enter, or press ? or * to list all spells.
Aiming: Stone Arrow (safe; 1% risk of failure)
Press: ? - help, Shift-Dir - straight line, f/p - Urug
Aim: Urug, wielding a +4 eveningstar of holy wrath, wearing a +0 ring mail and quivering javelins (moderately wounded, 72% to hit)
The stone arrow misses Urug.
Urug hits you but does no damage.
Casting: Stone Arrow (safe; 1% risk of failure)
Confirm with . or Enter, or press ? or * to list all spells.
Aiming: Stone Arrow (safe; 1% risk of failure)
Press: ? - help, Shift-Dir - straight line, f/p - Urug
Aim: Urug, wielding a +4 eveningstar of holy wrath, wearing a +0 ring mail and quivering javelins (moderately wounded, 72% to hit)
The stone arrow misses Urug.
Urug hits you with a +4 eveningstar of holy wrath!!
Casting: Stone Arrow (safe; 1% risk of failure)
Confirm with . or Enter, or press ? or * to list all spells.
Aiming: Stone Arrow (safe; 1% risk of failure)
Press: ? - help, Shift-Dir - straight line, f/p - Urug
Aim: Urug, wielding a +4 eveningstar of holy wrath, wearing a +0 ring mail and quivering javelins (moderately wounded, 72% to hit)
The stone arrow hits Urug!!
Urug is heavily wounded.
Urug hits you with a +4 eveningstar of holy wrath!!
You die...

.................
....................
....................
......................
......................
......................
).....................
......................
........o@†...........
......................
?.....................
...........#P..(......
..........####........
l.........# .........
......#P..# #.#......
......#.P.# ###....>.
........#.# ......


You could see Urug.

Vanquished Creatures
  2 hydras
  Erica (D:9)
  A two-headed ogre (D:9)
  Pikel (D:5)
  A deep elf pyromancer (D:11)
  An ugly thing (D:11)
  2 cyclopes (D:11)
  4 elephants
  Joseph (D:7)
  A rime drake (D:10)
  A kobold demonologist (D:12)
  An unseen horror (D:12)
  Psyche (D:7)
  6 trolls
  5 slime creatures
  A hornet (D:9)
  A shadow (D:11)
  A vampire (D:12)
  A wyvern (D:10)
  A wraith (D:11)
  14 yaks
  A basilisk (Lair:1)
  13 vampire mosquitoes
  4 steam dragons
  4 water moccasins
  3 ice beasts
  4 orc warriors
  An ogre (D:6)
  A sky beast (D:7)
  3 black bears
  2 centaurs (D:7)
  A lemure (D:5)
  4 kobold brigands
  9 bullfrogs
  2 gnoll sergeants
  2 necrophages (D:6)
  A scorpion (D:6)
  9 wights
  6 killer bees
  5 electric eels (D:8)
  4 howler monkeys
  A crimson imp (D:8)
  6 hounds
  A jelly (D:6)
  14 orc priests
  5 iguanas
  8 orc wizards
  Robin (D:3)
  9 gnolls
  22 adders
  4 river rats (Sewer)
  3 shadow imps
  A white imp (D:6)
  A worm (D:4)
  A dart slug (D:3)
  36 orcs
  24 ball pythons
  10 endoplasms
  5 giant cockroaches
  18 goblins
  5 hobgoblins
  11 jackals
  14 kobolds
  13 quokkas
  12 bats
  8 frilled lizards
  3 rats
363 creatures vanquished.

Vanquished Creatures (others)
  11 fungi (D:10)
  31 plants
42 creatures vanquished.

Grand Total: 405 creatures vanquished

Notes
Turn   | Place    | Note
-------+----------+-------------------------------------------
     0 | D:1      | Bartlander the Gargoyle Earth Elementalist began the quest
                  | for the Orb.
     0 | D:1      | Reached XP level 1. HP: 10/10 MP: 3/3
    26 | D:1      | Found Hemunuav's Distillery.
    43 | D:1      | Reached skill level 1 in Transmutations
    53 | D:1      | Reached XP level 2. HP: 10/15 MP: 0/5
   112 | D:1      | Reached skill level 4 in Earth Magic
   154 | D:1      | Found Woriyrie's Book Emporium.
   219 | D:1      | Learned a level 2 spell: Passwall
   378 | D:1      | Found Vydogaes's Magic Scroll Boutique.
   392 | D:1      | Bought a scroll of identify for 20 gold pieces
   492 | D:1      | Reached XP level 3. HP: 19/19 MP: 4/6
   756 | D:1      | Found Rufeselo's Book Shop.
   926 | D:1      | Found a faded altar of an unknown god.
  1042 | D:1      | Found Haorr's Book Shoppe.
  1519 | D:2      | Reached XP level 4. HP: 24/24 MP: 2/7
  1643 | D:2      | Reached skill level 5 in Earth Magic
  2000 | D:2      | Reached XP level 5. HP: 28/28 MP: 7/9
  2427 | D:2      | Learned a level 3 spell: Stone Arrow
  2432 | D:2      | Learned a level 4 spell: Petrify
  2510 | D:3      | Found a transporter.
  2632 | D:3      | Reached skill level 6 in Earth Magic
  2698 | D:3      | Found a hide-covered altar of Uskayaw.
  2836 | D:3      | Noticed alby's ghost (amateur FoFi)
  2853 | D:3      | Found a transporter.
  2929 | D:3      | Reached XP level 6. HP: 29/32 MP: 5/10
  2930 | D:3      | Noticed Robin
  2932 | D:3      | Reached skill level 1 in Conjurations
  2934 | D:3      | Killed Robin
  3636 | D:4      | Found a glowing drain.
  3672 | Sewer    | Entered a sewer
  4868 | D:4      | Reached skill level 7 in Earth Magic
  4868 | D:4      | Reached XP level 7. HP: 33/36 MP: 1/12
  5117 | D:4      | Found an opulent altar of Gozag.
  5117 | D:4      | Found a sparkling altar of Nemelex Xobeh.
  5249 | D:4      | Found a glowing golden altar of the Shining One.
  5414 | D:4      | Upgraded the game from 0.29.0-11-gd7f09526c8 to
                  | 0.29.0-13-gc9e81de378
  5416 | D:5      | Entered Level 5 of the Dungeon
  5587 | D:5      | Noticed Pikel
  5663 | D:5      | Killed Pikel
  5664 | D:5      | Reached skill level 8 in Earth Magic
  5664 | D:5      | Reached XP level 8. HP: 41/41 MP: 0/15
  5916 | D:4      | Reached skill level 9 in Earth Magic
  6544 | D:6      | Reached skill level 5 in Spellcasting
  6777 | D:6      | Reached skill level 5 in Conjurations
  6811 | D:6      | Reached skill level 10 in Earth Magic
  6813 | D:6      | Reached XP level 9. HP: 45/45 MP: 5/17
  7242 | D:6      | Found a stormy altar of Qazlal.
  7448 | D:6      | Reached skill level 11 in Earth Magic
  7512 | D:6      | Found a staircase to the Ecumenical Temple.
  7588 | Temple   | Entered the Ecumenical Temple
  7735 | Temple   | Became a worshipper of Vehumet
  8025 | D:7      | Reached skill level 1 in Fighting
  8713 | D:7      | Noticed Joseph
  9401 | D:7      | Killed Joseph
  9402 | D:7      | Reached XP level 10. HP: 39/56 MP: 1/18
  9763 | D:7      | Learned a level 2 spell: Blink
  9809 | D:8      | Noticed Psyche
  9909 | D:8      | Reached skill level 5 in Stealth
  9910 | D:8      | Reached * piety under Vehumet
  9910 | D:8      | Offered knowledge of Shock by Vehumet.
 10459 | D:7      | Killed Psyche
 10460 | D:7      | Reached skill level 12 in Earth Magic
 11079 | D:7      | Reached skill level 5 in Fighting
 11221 | D:8      | Found a burning altar of Makhleb.
 11223 | D:8      | Found a shimmering altar of Xom.
 11846 | D:9      | Reached XP level 11. HP: 31/64 MP: 2/19
 12074 | D:9      | Reached ** piety under Vehumet
 12297 | D:9      | Found a glowing silver altar of Zin.
 12507 | D:9      | Noticed a two-headed ogre
 12657 | D:9      | Offered knowledge of Searing Ray by Vehumet.
 12748 | D:9      | Noticed Erica
 12753 | D:9      | Killed Erica
 12754 | D:9      | Reached skill level 13 in Earth Magic
 12980 | D:9      | Found a staircase to the Orcish Mines.
 13530 | D:9      | Killed a two-headed ogre
 13747 | D:10     | Entered Level 10 of the Dungeon
 14017 | D:10     | Offered knowledge of Mephitic Cloud by Vehumet.
 14247 | D:10     | Reached skill level 1 in Armour
 14442 | D:10     | Found a staircase to the Lair.
 14639 | D:11     | Reached skill level 1 in Translocations
 14688 | D:11     | Found an iron altar of Okawaru.
 14756 | D:11     | Noticed a white ugly thing
 15071 | D:11     | Noticed a deep elf pyromancer
 15120 | D:11     | Killed a white ugly thing
 15196 | D:11     | Killed a deep elf pyromancer
 15312 | D:11     | Reached *** piety under Vehumet
 15331 | D:11     | Learned a level 5 spell: Lightning Bolt
 15422 | D:11     | Noticed a cyclops
 15452 | D:11     | Noticed a five-headed hydra
 15489 | D:11     | Reached XP level 12. HP: 73/73 MP: 18/20
 15834 | D:11     | Found Tupnau's Antique Weapon Emporium.
 16131 | D:11     | Killed a five-headed hydra
 16132 | D:11     | Reached skill level 1 in Air Magic
 16551 | D:12     | Reached skill level 10 in Conjurations
 17342 | D:12     | Noticed a six-headed hydra
 17347 | D:12     | Killed a six-headed hydra
 18239 | Lair:1   | Entered Level 1 of the Lair of Beasts
 18240 | Lair:1   | Noticed Urug
 18246 | Lair:1   | Reached skill level 14 in Earth Magic
 18255 | D:10     | Offered knowledge of Dazzling Flash by Vehumet.
 18653 | Lair:1   | Slain by Urug

Illustrated notes

Levels and vault maps discovered:
D:1:      roderic_crossed_star, layout_basic, nicolae_ecumenical_snake_handling,
          serial_shops, shop, shop, nicolae_shop_hallway_plus,
          nicolae_shop_advertising_works [nicolae_subvault_shop_adworks],
          shop_scrolls
D:2:      layout_basic, minmay_snake_closets
D:3:      layout_loops_ring, mainiacjoe_overflow_brackets,
          gammafunk_ghost_stat_death, grunt_decor_clamped,
          minmay_misc_feat_more_columns, uniq_robin
D:4:      layout_rooms, gammafunk_temple_overflow_forgotten,
          cheibrodos_sewer_entry_sluice
D:5:      layout_rooms, uniq_pikel
D:6:      wander_river, layout_cave_pools, mainiacjoe_overflow_alcove_2,
          minmay_temple_entry_antechambers, hangedman_minor_gate_pass
D:7:      minmay_skewed_foursquare, layout_loops_ring,
          small_statue_intersection, serial_bayou_pond_b, uniq_joseph
D:8:      layout_rooms, grunt_temple_overflow_champion_of_chaos,
          chequers_big_river, minmay_manual_mandibuliform, uniq_psyche
D:9:      layout_irregular_city, lemuel_doored_altar,
          minmay_orc_entry_temple_small, minmay_misc_feat_pillars,
          reono_crystal_passage, minmay_door_square, uniq_erica
D:10:     layout_gridville, grunt_lair_entry_orc_guard_hut
D:11:     layout_cross, serial_shops, nicolae_inconvenience_store,
          okawaru_gym_becter
D:12:     layout_layer_cave, amcnicky_mini_pool_small
Temple:   nicolae_temple_two_arcs
Lair:1:   layout_cave_shapes, uniq_urug

Skill      XL: |  1  2  3  4  5  6  7  8  9 10 11 12 |
---------------+-------------------------------------+-----
Transmutations | 1 2 |  2.1
Earth Magic    | 4 5 6 7 8 10 11 12 13 14 | 14.0
Spellcasting   | 3 4 5 |  5.9
Conjurations   | 2 4 5 7 8 9 10 | 10.3
Fighting       | 3 5 8 |  8.8
Stealth        | 4 6 8 |  8.0
Armour         | 2 4 |  4.3
Translocations | 1 3 |  3.5
Dodging        | 2 3 |  3.7
Air Magic      | 2 |  2.4

Action                   |  1- 3 |  4- 6 |  7- 9 | 10-12 || total
-------------------------+-------+-------+-------+-------++-------
Melee: Unarmed           |    10 |       |       |     1 ||    11
       Dagger            |     1 |    29 |    23 |    56 ||   109
Throw: Dart              |       |    10 |    12 |    21 ||    43
 Cast: Sandblast         |    59 |   133 |    70 |   178 ||   440
       Stone Arrow       |       |     6 |    70 |   172 ||   248
       Petrify           |       |       |     1 |       ||     1
       Passwall          |       |       |       |     2 ||     2
Evoke: Wand              |       |       |       |    10 ||    10
  Use: Scroll            |     3 |     6 |     9 |     6 ||    24
       Potion            |       |     1 |       |     2 ||     3
 Stab: Sleeping          |       |       |     1 |       ||     1
Armor: Robe              |    10 |    49 |    18 |       ||    77
       Steam dragon scal |       |       |    11 |   173 ||   184
       Leather armour    |       |       |     2 |       ||     2
       Skin              |       |       |       |     1 ||     1
Dodge: Dodged            |    16 |    56 |    30 |   181 ||   283
Block: Buckler           |       |       |     5 |    47 ||    52
